Map: Jagannatha LE

Players

Serral - Winner!

  • Race: Zerg Zerg
  • Spawn Location: 1:00

DRG

  • Race: Zerg Zerg
  • Spawn Location: 7:00

Event: ASUS ROG Online 2020

VOD

Have the link to the VOD?

Description

Time

  • Played on: Nov. 28, 2020, 4:49 p.m.
  • Length: 12:56

All games in this series

Show
View Real Time Build Order
Export as new Build Order

Serral Zerg - Winner!

Build Orders: Hatch First 

Get SALT Encoding   

  12  0:00  Drone  
  13  0:12  Overlord  
  13  0:18  Drone  
  14  0:31  Drone x2  
  16  0:48  Hatchery  
  15  0:51  Drone  
  15  0:55  Drone  
  17  0:58  Drone  
  18  1:09  Extractor  
  17  1:15  Spawning Pool  
  17  1:16  Drone  
  17  1:20  Drone  
  18  1:27  Drone  
  19  1:38  Drone  
  20  1:48  Overlord  
  20  2:01  Queen x2  
  20  2:02  Zergling x4  
  26  2:08  Metabolic Boost  
  26  2:11  Drone x2  
  28  2:21  Drone x2  
  30  2:35  Hatchery  
  29  2:37  Drone  
  29  2:40  Drone  
  31  2:47  Baneling Nest  
  31  2:50  Drone  
  31  2:53  Overlord  
  31  2:56  Drone  
  32  2:59  Drone  
  32  3:05  Drone x2  
  35  3:11  Zergling x6  
  38  3:14  Zergling x2  
  38  3:15  Zergling x2  
  38  3:18  Zergling x2  
  41  3:25  Overlord  
  41  3:26  Evolution Chamber  
  40  3:27  Zergling x2  
  40  3:29  Drone  
  40  3:31  Baneling x2  
  42  3:35  Drone  
  42  3:40  Drone  
  44  3:45  Drone x5  
  49  3:50  Drone x2  
  49  3:51  Drone  
  52  3:59  Drone  
  52  4:00  Drone  
  53  4:05  Extractor, Roach Warren  
  53  4:07  Extractor  
  53  4:09  Zergling x2  
  51  4:11  Overlord  
  51  4:14  Zerg Ground Armor Level 1  
  51  4:20  Overlord  
  51  4:22  Baneling  
  51  4:24  Queen  
  51  4:26  Zergling x4  
  55  4:41  Drone x2  
  57  4:46  Roach x5  
  69  4:53  Roach x3  
  69  4:55  Overlord  
  69  4:59  Overlord  
  73  5:05  Overlord  
  71  5:08  Roach  
  73  5:15  Roach  
  73  5:16  Roach x2  
  76  5:27  Queen, Drone  
  77  5:29  Lair  
  77  5:32  Roach x2  
  81  5:43  Drone x2, Baneling x2  
  81  5:44  Baneling x2  
  81  5:45  Roach x2  
  87  5:54  Drone x6  
  93  6:03  Drone x4  
  90  6:06  Drone  
  90  6:11  Drone  
  87  6:17  Drone  
  86  6:20  Drone  
  86  6:22  Drone  
  87  6:30  Extractor, Overlord  
  87  6:32  Glial Reconstitution  
  83  6:34  Overlord  
  83  6:37  Zerg Melee Weapons Level 1  
  83  6:44  Spire  
  82  6:51  Drone x5  
  87  6:56  Drone x3  
  87  6:57  Extractor  
  87  6:58  Extractor  
  88  7:01  Queen  
  88  7:05  Queen  
  92  7:09  Drone x3  
  92  7:13  Drone  
  92  7:14  Drone  
  97  7:18  Zergling x8  
  97  7:21  Zergling x2  
  97  7:22  Zergling x4  
  104  7:23  Zergling x2  
  104  7:27  Overlord  
  104  7:29  Overlord  
  105  7:32  Overlord  
  105  7:37  Drone  
  105  7:40  Overlord  
  106  7:55  Mutalisk x7  
  119  8:01  Mutalisk  
  119  8:04  Mutalisk x2  
  124  8:11  Mutalisk x2  
  128  8:16  Zergling x14  
  135  8:21  Mutalisk x2  
  131  8:27  Roach x2  
  131  8:34  Mutalisk  
  134  8:44  Zerg Flyer Armor Level 1  
  134  8:45  Mutalisk  
  132  8:50  Drone x4  
  132  8:51  Hatchery, Drone  
  132  8:53  Overlord  
  132  8:54  Overlord  
  135  8:57  Overlord  
  135  9:02  Overlord  
  135  9:04  Mutalisk  
  135  9:08  Overlord  
  137  9:12  Mutalisk x3  
  143  9:19  Overlord  
  143  9:21  Mutalisk x2  
  147  9:27  Zergling x10  
  147  9:29  Extractor  
  150  9:34  Extractor  
  150  9:35  Mutalisk x2  
  152  9:42  Mutalisk  
  152  9:44  Zergling x12  
  159  9:48  Overlord  
  159  9:51  Overlord  
  158  9:54  Overlord  
  158  9:57  Mutalisk x2  
  162  10:05  Mutalisk x2  
  166  10:10  Drone x4  
  170  10:15  Overlord, Mutalisk  
  168  10:30  Mutalisk x4  
  168  10:34  Zergling x4  
  168  10:35  Zergling x8, Evolution Chamber  
  180  10:38  Zergling x4  
  161  10:52  Mutalisk x4  
  141  11:05  Mutalisk  
  141  11:06  Mutalisk  
  138  11:12  Mutalisk  
  138  11:18  Hatchery  
  138  11:20  Zergling x2  
  138  11:21  Zergling x2  
  140  11:28  Mutalisk x2  
  140  11:35  Mutalisk x2  
  114  11:48  Mutalisk x2  
  114  11:51  Zergling x14  
  124  11:55  Zergling x6  
  124  12:02  Mutalisk x2  
  124  12:05  Zergling x2  
  127  12:12  Mutalisk  
  129  12:21  Zergling x4  
  131  12:30  Mutalisk x4  
  131  12:32  Drone x2  
  139  12:54  Extractor  
Show
View Real Time Build Order
Export as new Build Order

DRG Zerg 

Build Orders: Hatch First 

Get SALT Encoding   

  12  0:00  Drone  
  13  0:12  Overlord  
  13  0:17  Drone  
  14  0:30  Drone x2  
  16  0:47  Hatchery  
  15  0:50  Drone  
  15  0:54  Drone  
  17  0:57  Drone  
  18  1:08  Extractor  
  17  1:13  Spawning Pool  
  17  1:16  Drone  
  17  1:19  Drone  
  18  1:28  Drone  
  19  1:38  Drone  
  20  1:49  Drone  
  21  2:00  Overlord, Queen x2  
  25  2:02  Drone  
  26  2:11  Drone x2, Metabolic Boost  
  28  2:21  Zergling x2, Drone  
  30  2:32  Zergling x2  
  30  2:34  Hatchery  
  30  2:36  Drone  
  31  2:43  Queen  
  33  2:51  Baneling Nest  
  33  2:53  Overlord  
  33  2:56  Drone  
  33  3:00  Drone  
  33  3:01  Drone  
  33  3:05  Drone  
  36  3:11  Drone x2  
  36  3:12  Drone  
  39  3:14  Drone  
  39  3:17  Zergling x4  
  42  3:23  Drone  
  42  3:24  Evolution Chamber  
  42  3:26  Drone  
  43  3:29  Drone  
  43  3:32  Overlord  
  44  3:37  Baneling x3  
  44  3:45  Zergling x8  
  47  3:49  Zergling x2  
  47  3:50  Zergling x2  
  49  3:58  Zergling x2  
  49  3:59  Zergling x6  
  53  4:03  Zerg Ground Armor Level 1  
  53  4:09  Drone x4  
  57  4:10  Drone  
  57  4:11  Extractor  
  57  4:12  Extractor  
  57  4:15  Roach Warren  
  55  4:20  Drone  
  55  4:22  Drone  
  57  4:29  Drone  
  57  4:30  Overlord  
  58  4:33  Overlord  
  57  4:39  Overlord  
  57  4:45  Overlord  
  57  4:48  Drone  
  57  4:51  Baneling  
  58  4:53  Baneling x2  
  58  4:56  Roach x6  
  70  5:01  Roach  
  70  5:04  Roach x2  
  76  5:17  Roach x3  
  76  5:20  Roach x2  
  85  5:24  Roach  
  85  5:29  Zergling x6  
  85  5:30  Zergling x2  
  85  5:32  Overlord  
  89  5:36  Lair  
  89  5:40  Drone  
  89  5:42  Overlord  
  89  5:46  Drone  
  89  5:47  Overlord  
  90  5:56  Drone x2  
  92  6:00  Drone  
  92  6:01  Drone x7  
  92  6:02  Drone  
  99  6:05  Drone  
  99  6:06  Drone x2  
  99  6:10  Drone x2  
  98  6:13  Roach  
  99  6:20  Roach  
  99  6:21  Roach x3  
  105  6:27  Roach x3  
  105  6:31  Zerg Missile Weapons Level 1  
  110  6:33  Drone x3  
  110  6:36  Extractor  
  110  6:40  Extractor x2, Drone  
  110  6:41  Overlord, Spire  
  110  6:43  Drone x2  
  110  6:46  Drone x2  
  112  6:49  Overlord  
  112  6:50  Overseer  
  112  6:52  Drone x2  
  114  6:55  Overlord  
  114  7:00  Drone  
  114  7:01  Drone x3  
  118  7:03  Drone  
  119  7:12  Roach x3  
  125  7:16  Roach x2, Hatchery  
  125  7:19  Roach x2  
  125  7:22  Roach  
  134  7:25  Glial Reconstitution  
  134  7:27  Roach  
  134  7:28  Roach  
  134  7:29  Overlord  
  138  7:32  Overlord x2  
  138  7:35  Overlord  
  138  7:37  Overlord  
  138  7:46  Overlord x2  
  138  7:55  Roach x8  
  153  8:12  Mutalisk x7  
  165  8:21  Mutalisk  
  155  8:29  Mutalisk  
  155  8:31  Queen  
  155  8:37  Mutalisk x2  
  155  8:40  Extractor, Queen  
  150  8:43  Spore Crawler, Mutalisk  
  150  8:46  Drone x10  
  148  8:49  Extractor  
  148  8:52  Mutalisk  
  149  8:57  Drone x4  
  153  9:03  Zerg Flyer Weapons Level 1  
  153  9:05  Mutalisk  
  153  9:08  Overlord  
  153  9:09  Overlord x2  
  155  9:17  Spore Crawler  
  155  9:19  Spore Crawler  
  150  9:29  Mutalisk  
  150  9:30  Mutalisk x3  
  158  9:37  Mutalisk x2  
  162  9:43  Overlord x3  
  162  9:45  Mutalisk x2  
  162  9:48  Spine Crawler  
  165  9:54  Mutalisk  
  165  9:56  Overlord x3  
  167  10:03  Mutalisk x3  
  173  10:10  Spine Crawler  
  173  10:13  Mutalisk x2  
  176  10:26  Mutalisk x3  
  176  10:47  Mutalisk x3  
  178  10:55  Mutalisk  
  178  10:56  Mutalisk  
  154  11:07  Drone x3  
  154  11:08  Drone, Mutalisk x2  
  154  11:10  Zergling x4, Hatchery  
  154  11:11  Zergling x8  
  150  11:18  Mutalisk  
  150  11:21  Zergling x8  
  156  11:29  Mutalisk x2  
  156  11:38  Mutalisk x2  
  130  11:46  Mutalisk  
  108  11:53  Zergling x18  
  116  12:04  Mutalisk x3  
  116  12:08  Zergling x10  
  127  12:17  Mutalisk x2  
  127  12:23  Mutalisk  
  127  12:28  Mutalisk  
  123  12:31  Zergling x12  
Tags
 
Add a new tag
Caveats
  • Supply blocks, unpowered buildings, or Contaminate may cause inaccurate times.
  • Supply counts are checked every 10 seconds.